Map: Dusk Towers

Players

MinChul (MC) - Winner!

  • Race: Protoss Protoss

CMStormPolt (Polt)

  • Race: Terran Terran
  • League: Grandmaster

Event: Root's WW3

VOD

Have the link to the VOD?

Description

Time

  • Played on: Dec. 12, 2015, 7:21 a.m.
  • Length: 8:22

All games in this series

Show
View Real Time Build Order
Export as new Build Order

MinChul Protoss - Winner!

Build Orders: 1 Gate Expand, Mass Adepts 

Get SALT Encoding   

  12  0:00  Probe (Chrono Boost)  
  13  0:11  Probe (Chrono Boost)  
  14  0:18  Pylon  
  14  0:22  Probe (Chrono Boost)  
  15  0:37  Probe (Chrono Boost)  
  15  0:38  Gateway  
  16  0:47  Probe (Chrono Boost)  
  16  0:48  Assimilator  
  17  0:58  Probe (Chrono Boost)  
  18  1:08  Probe (Chrono Boost)  
  19  1:22  Nexus  
  19  1:31  Cybernetics Core  
  19  1:34  Probe (Chrono Boost)  
  20  1:40  Assimilator  
  20  1:45  Probe (Chrono Boost)  
  21  1:51  Pylon  
  21  1:55  Probe (Chrono Boost)  
  22  2:05  Probe (Chrono Boost)  
  22  2:07  Warp Gate  
  22  2:10  Adept (Chrono Boost)  
  24  2:18  Mothership Core  
  26  2:34  Probe, Adept (Chrono Boost)  
  29  2:39  Probe  
  30  2:44  Probe  
  30  2:47  Robotics Facility  
  30  2:51  Probe  
  32  2:55  Probe  
  32  2:57  Adept (Chrono Boost)  
  35  3:03  Probe  
  36  3:05  Probe  
  36  3:10  Pylon  
  37  3:15  Probe  
  37  3:19  Probe  
  38  3:21  Adept (Chrono Boost)  
  41  3:27  Probe  
  41  3:30  Probe  
  43  3:34  Warp Prism (Chrono Boost)  
  45  3:48  Gateway x2  
  45  3:52  Gateway  
  45  3:58  Gateway  
  45  4:01  Probe x2  
  46  4:06  Observer (Chrono Boost)  
  48  4:13  Probe x2  
  48  4:14  Adept  
  52  4:18  Pylon  
  52  4:24  Probe  
  52  4:25  Observer (Chrono Boost)  
  52  4:28  Pylon  
  54  4:34  Assimilator  
  54  4:35  Assimilator  
  54  4:36  Probe  
  53  4:48  Probe  
  53  4:51  Probe  
  52  4:58  Adept x5  
  57  5:00  Probe  
  57  5:02  Probe  
  59  5:11  Twilight Council  
  59  5:12  Pylon  
  59  5:13  Probe  
  60  5:19  Adept x4  
  66  5:23  Adept  
  66  5:26  Probe  
  66  5:28  Probe  
  62  5:38  Blink (Chrono Boost)  
  62  5:40  Adept x4  
  64  5:44  Adept  
  60  6:01  Adept x4  
  62  6:08  Warp Prism (Chrono Boost)  
  52  6:25  Stalker  
  52  6:26  Stalker x3  
  52  6:27  Stalker  
  62  6:41  Immortal (Chrono Boost)  
  66  6:50  Sentry x2, Stalker x3  
  76  6:55  Pylon  
  76  7:04  Pylon  
  77  7:15  Observer (Chrono Boost)  
  77  7:25  Adept x4  
  77  7:26  Gateway, Adept  
  77  7:28  Gateway  
  77  7:29  Gateway  
  85  7:48  Adept x4  
  85  7:51  Adept  
  89  8:09  Pylon  
  89  8:10  Pylon  
  89  8:11  Pylon  
  89  8:12  Pylon  
  93  8:14  Pylon  
Show
View Real Time Build Order
Export as new Build Order

CMStormPolt Terran 

Build Orders: Reaper Expand 

Get SALT Encoding   

  12  0:01  SCV  
  13  0:13  SCV  
  14  0:17  Supply Depot  
  14  0:25  SCV  
  15  0:39  SCV, Barracks  
  16  0:44  Refinery  
  16  0:51  SCV  
  17  1:03  SCV  
  18  1:15  SCV  
  19  1:27  Orbital Command  
  19  1:28  Reaper  
  20  1:44  Command Center  
  20  1:53  SCV  
  21  1:56  Supply Depot  
  21  2:00  Barracks Reactor  
  21  2:04  Barracks  
  21  2:06  SCV  
  22  2:18  SCV  
  22  2:19  Bunker  
  23  2:25  Factory  
  23  2:30  SCV  
  24  2:42  SCV  
  24  2:45  Marine x2  
  24  2:47  Refinery  
  24  2:51  Barracks Tech Lab  
  26  2:54  SCV  
  26  2:56  Orbital Command  
  27  3:03  Marine x2  
  29  3:06  SCV  
  30  3:18  SCV  
  31  3:20  Cyclone  
  31  3:21  Marine x2  
  31  3:22  Marine  
  31  3:23  SCV  
  38  3:31  SCV, Supply Depot  
  39  3:35  SCV  
  39  3:40  Marine x3  
  43  3:43  SCV  
  43  3:46  Engineering Bay  
  43  3:47  SCV  
  45  3:55  SCV, Supply Depot  
  46  3:59  SCV  
  47  4:04  Starport  
  47  4:07  SCV  
  47  4:08  Stimpack, Refinery  
  48  4:10  Marauder  
  48  4:11  SCV  
  48  4:12  Marine x2  
  53  4:18  Supply Depot  
  53  4:20  SCV  
  53  4:23  SCV  
  55  4:32  SCV, Marauder  
  55  4:34  Barracks, Marine x2  
  55  4:35  SCV  
  61  4:44  SCV  
  57  4:47  SCV  
  57  4:52  Marine x2  
  57  4:53  Marauder  
  56  5:00  SCV x2  
  56  5:06  Medivac  
  59  5:10  Marine x2  
  59  5:14  SCV x2  
  62  5:15  Marauder  
  63  5:27  SCV x2  
  56  5:28  Widow Mine, Marine x3  
  56  5:36  Marauder  
  56  5:39  Viking  
  48  5:50  Marine x3  
  46  5:58  Marauder  
  45  6:09  Marine x3  
  48  6:13  SCV x2  
  47  6:19  Marauder  
  47  6:25  SCV x2  
  48  6:26  Terran Infantry Weapons Level 1  
  48  6:27  Marine x3  
  48  6:30  Engineering Bay  
  48  6:31  Refinery  
  51  6:34  Medivac  
  51  6:35  Factory Reactor  
  51  6:37  Command Center, SCV  
  51  6:38  SCV  
  55  6:40  Marauder  
  57  6:49  SCV  
  57  6:50  SCV  
  57  6:53  Barracks Reactor  
  59  7:01  Barracks Reactor, SCV  
  59  7:02  SCV  
  59  7:04  Marine  
  62  7:08  Supply Depot x2  
  62  7:14  SCV x2  
  64  7:19  Barracks  
  64  7:22  Barracks  
  62  7:30  SCV x2  
  58  7:42  SCV x2, Marauder, Marine x4  
  59  7:56  SCV  
  59  7:57  SCV  
Tags
 
Add a new tag
Caveats
  • Supply blocks, unpowered buildings, or Contaminate may cause inaccurate times.
  • Supply counts are checked every 10 seconds.